 Dungeon Crawl Stone Soup version 0.31-a0-692-gf03d1854d5 (webtiles) character file.

Game seed: 16261902937969102371

61 Ijustatesigmund the Sneak (level 3, -5/18 HPs)
             Began as a Spriggan Brigand on Sept 7, 2023.
             Killed from afar by an orc wizard (9 damage)
             ... with a puff of flame
             ... on level 3 of the Dungeon.
             The game lasted 00:01:19 (1687 turns).

Ijustatesigmund the Sneak (Spriggan Brigand)        Turns: 1687, Time: 00:01:20

Health: -5/18      AC:  3    Str:  9    XL:     3   Next: 83%
Magic:  4/4        EV: 17    Int: 12    God:
Gold:   92         SH:  0    Dex: 16    Spells: 2/2 levels left

rFire   . . .        a - +2 dagger
rCold   . . .        (no shield)
rNeg    . . .        b - +0 robe
rPois   .            (helmet restricted)
rElec   .            c - +0 cloak
rCorr   .            (gloves unavailable)
SInv    +            (boots unavailable)
Will    .....        (no amulet)
Stlth   +            (no ring)
HPRegen 0.23/turn    (no ring)
MPRegen 0.09/turn

%: no passive effects
@: confused, very quick
A: very small, no large weapons, unfitting armour, see invisible, speed 3
a: no special abilities


You were on level 3 of the Dungeon.
You visited 1 branch of the dungeon, and saw 3 of its levels.

You collected 92 gold pieces.

Inventory:

Hand Weapons
 a - a +2 dagger (weapon)
Missiles
 d - 9 poisoned darts (quivered)
 e - 3 curare-tipped darts
Armour
 b - a +0 robe (worn)
 c - a +0 cloak (worn)
Magical Staves
 h - a staff of fire
Scrolls
 f - 3 scrolls of poison {unknown}
 g - a scroll of vulnerability {unknown}
 i - a scroll of amnesia {unknown}
 j - 2 scrolls of identify {unknown}
 l - a scroll of enchant armour {unknown}
Potions
 k - a potion of heal wounds {unknown}
 m - a potion of attraction {unknown}


   Skills:
 + Level 2.0 Fighting
 + Level 2.8 Short Blades
 + Level 2.6 Throwing
 + Level 2.4 Dodging
 + Level 6.4 Stealth


You had 2 spell levels left.
You didn't know any spells.
Your spell library was empty.

Dungeon Overview and Level Annotations

Branches:
Dungeon (2/15)

Altars:


Innate Abilities, Weirdness & Mutations

You are very small and have problems with some larger weapons.
You are too small for most types of armour.
You have supernaturally acute eyesight. (SInv)
You cover ground extremely quickly. (Speed+++)


Message History

You hit the orc wizard.
The orc wizard is heavily wounded.
You're too confused to move!
The orc wizard casts a spell at you.
The orc wizard appears confused.
The orc wizard barely misses you.
The orc wizard hits itself with a +0 dagger.
You're too confused to move!
You bump into the rock wall.
The orc wizard closely misses you.
You hit the orc wizard.
The orc wizard is severely wounded.
The orc wizard hits the orc wizard but does no damage.
You bump into the rock wall.
The orc wizard barely misses the orc wizard.
You barely miss the orc wizard.
The orc wizard is severely wounded.
You bump into the rock wall.
You feel less confused.
The orc wizard hits the orc wizard with a +0 dagger.
The orc wizard hits you with a +0 dagger.
You closely miss the orc wizard.
The orc wizard is moderately wounded.
The orc wizard points at you and mumbles some strange words.
You are confused.
The orc wizard barely misses the orc wizard.
The orc wizard hits itself but does no damage.
You miss the orc wizard.
The orc wizard is moderately wounded.
The orc wizard gestures at you while chanting.
The puff of flame hits you!
* * * LOW HITPOINT WARNING * * *
You closely miss the orc wizard.
The orc wizard is moderately wounded.
The orc wizard hits you with a +0 dagger.
* * * LOW HITPOINT WARNING * * *
You hit the orc wizard.
The orc wizard is severely wounded.
The orc wizard casts a spell at you. The puff of flame hits you!
Ouch! That really hurt!
You die...

.^. #.# #.#
#.####≈####+####§#
##.....≈≈≈≈≈.≈≈≈≈≈#
.o# #..# #o# #.## #@#
##'## #.# ##...## #.#
##.....## #.#
##.......##
#.####....>....#
#.[..'.........+
.......[###.........#
##.##.#.# ##.......##
###.# ##.....##


You could see 2 orc wizards.

Vanquished Creatures
  2 adders
  A dart slug (D:1)
  An orc (D:3)
  2 bats (D:1)
  5 endoplasms
  3 giant cockroaches
  5 goblins
  2 hobgoblins (D:1)
  4 kobolds (D:1)
  2 quokkas
  4 ball pythons
  3 frilled lizards (D:1)
  2 rats (D:1)
36 creatures vanquished.

Notes
Turn   | Place    | Note
-------+----------+-------------------------------------------
     0 | D:1      | Ijustatesigmund the Spriggan Brigand began the quest for
                  | the Orb.
     0 | D:1      | Reached XP level 1. HP: 10/10 MP: 2/2
    88 | D:1      | Reached skill level 6 in Stealth
   103 | D:1      | Reached XP level 2. HP: 15/15 MP: 3/3
   245 | D:1      | Found a faded altar of an unknown god.
   842 | D:2      | Reached XP level 3. HP: 18/18 MP: 4/4
  1620 | D:2      | You fall into a shaft and drop 1 floor!
  1687 | D:3      | Killed from afar by an orc wizard

Illustrated notes

Levels and vault maps discovered:
D:1:      scummos_arrival_simple_crosswalls, layout_basic,
          shapermc_ecumenical_altar_ellora
D:2:      layout_basic
D:3:      layout_loops_corners, lightli_temple_of_fire, st_stairs_14

Skill      XL: |  1  2  3 |
---------------+----------+-----
Stealth        | 6 |  6.4
Dodging        | 2 |  2.4
Fighting       | 2 |  2.0
Short Blades   | |  2.8
Throwing       | |  2.6

Action                     || total
---------------------------++-------
  Melee: Dagger            ||   109
         Punch             ||     1
   Stab: Sleeping          ||    14
         Distracted        ||     1
 Armour: Robe              ||    20
  Dodge: Dodged            ||    57

Table legend: (Time is in decaauts)
 A = Elapsed time spent in this place.
 B = Non-inter-level travel time spent in this place.
 C = Inter-level travel time spent in this place.
 D = Time resting spent in this place.
 E = Time spent auto-exploring this place.
 F = Levels seen in this place.
 G = Mean time per level.
                   A        B        C        D        E       F      G
               +--------+--------+--------+--------+--------+-----+--------+
         Total |   1074 |   1045 |     29 |      0 |    847 |   3 |  358.0 |
       Dungeon |   1074 |   1045 |     29 |      0 |    847 |   3 |  358.0 |
               +--------+--------+--------+--------+--------+-----+--------+

Top non-repeatable levels by time:
     D:1: 524 daAuts
     D:2: 497 daAuts
     D:3: 52 daAuts
